 Dungeon Crawl Stone Soup version 0.24.0-29-g8ce449bc06 (webtiles) character file.

Game seed: 9174510205031486842, levelgen mode: deterministic

554 FishyPogo the Magician (level 7, -3/50 HPs)
             Began as a Black Draconian Wizard on Nov 16, 2019.
             Engulfed by a cloud of flame (9 damage)
             ... on level 4 of the Dungeon.
             The game lasted 00:15:28 (3996 turns).

FishyPogo the Magician (Black Draconian Wizard)     Turns: 3996, Time: 00:15:29

Health: -3/50      AC:  7    Str: 10    XL:     7   Next: 8%
Magic:  15/15      EV: 13    Int: 18    God:
Gold:   215        SH:  0    Dex: 11    Spells: 11/17 levels left

rFire    . . .     SeeInvis .   a - +1 dagger (elec)
rCold    . . .     Gourm    .   (no shield)
rNeg     . . .     Faith    .   (armour unavailable)
rPois    .         Spirit   .   o - +1 hat
rElec    +         Reflect  .   (no cloak)
rCorr    .         Harm     .   (no gloves)
MR       .....                  (no boots)
Stlth    +.........             (no amulet)
HPRegen  0.16/turn              (no ring)
MPRegen  0.14/turn              (no ring)

@: confused
A: breathe lightning, unfitting armour, electricity resistance, cold-blooded, AC
+6
a: Breathe Lightning


You were on level 4 of the Dungeon.
You were not hungry.

You visited 1 branch of the dungeon, and saw 4 of its levels.
You also visited: Sewer.

You collected 215 gold pieces.

Inventory:

Hand Weapons
 a - a +1 dagger of electrocution (weapon)
 u - a +2 quarterstaff of chaos
Missiles
 b - 9 boomerangs
 d - 66 stones (quivered)
Armour
 o - a +1 hat (worn)
 v - a +0 cloak
Jewellery
 y - an uncursed ring of flight {unknown}
Wands
 h - a wand of digging (7)
 q - a wand of enslavement (12)
 r - a wand of flame (18)
Scrolls
 g - 3 scrolls of teleportation {unknown}
 k - a scroll of fog {unknown}
 l - a scroll of enchant armour {unknown}
 m - a scroll of immolation {unknown}
 n - 2 scrolls of remove curse {unknown}
 p - 3 scrolls of blinking {unknown}
 s - a scroll of random uselessness {unknown}
 x - a scroll of fear {unknown}
 B - a scroll of magic mapping
Potions
 e - a potion of resistance {unknown}
 i - 2 potions of degeneration {unknown}
 j - 4 potions of might
 t - 2 potions of flight {unknown}
 w - a potion of brilliance {unknown}
 z - a potion of invisibility {unknown}
 A - a potion of haste {unknown}
 C - a potion of magic {unknown}
 D - a potion of curing {unknown}
 E - a potion of agility {unknown}
Comestibles
 c - 2 rations


   Skills:
 + Level 4.3 Dodging
 - Level 2.0 Stealth
 + Level 5.5 Spellcasting
 - Level 2.0 Conjurations
 - Level 1.0 Summonings
   Level 1.0 Translocations
 - Level 1.2 Air Magic
 - Level 2.0 Poison Magic


You had 11 spell levels left.
You knew the following spells:

 Your Spells              Type           Power        Failure   Level  Hunger
a - Magic Dart            Conj           ##..         5%          1    None
c - Mephitic Cloud        Conj/Pois/Air  ##......     19%         3    ##.....
p - Call Imp              Summ           #.......     13%         2    #......

Your spell library contained the following spells:

 Spells                   Type           Power        Failure   Level  Hunger
 Blink                    Tloc           N/A          13%         2    #......
 Slow                     Hex            #.......     19%         2    #......
 Conjure Flame            Conj/Fire      #.......     26%         3    ##.....


Dungeon Overview and Level Annotations

Branches:
Dungeon (4/15)              Sewer (visited)
 Temple: D:4-7

Altars:

Shops:
D:4 =


Innate Abilities, Weirdness & Mutations

You can breathe wild blasts of lightning.
Your glossy black scales are hard. (AC +6)
You cannot fit into any form of body armour.
You are resistant to electric shocks. (rElec)
You are cold-blooded and may be slowed by cold attacks.


Message History

The gnoll hits you but does no damage. x2
It was a potion of ambrosia.
You are confused.
You feel invigorated.
The bush is engulfed in blazing flames. x2
The gnoll is engulfed in blazing flames.
You kill the gnoll!
The gnoll closely misses you.
You hit the gnoll.
The gnoll is almost dead.
The bush is engulfed in blazing flames. x2; The gnoll hits you with a +0 spear!
* * * LOW HITPOINT WARNING * * *
The forest fire spreads!
You bump into the tree.
The bush is engulfed in blazing flames. x2
The gnoll hits you but does no damage.
You are engulfed in blazing flames.
* * * LOW HITPOINT WARNING * * *
You have got your breath back.
The bush is engulfed in blazing flames.
The gnoll barely misses you.
You are engulfed in blazing flames.
You die...

##### ********* #...## ,,,,,,,,*
♣♣.♣..# ,,,,,,,,* ♣P.♣♣.#
,,,,,,,,* ♣.P§♣.##### ,,,,,,,,*
♣)@§......# ###### ,,,,,,,,*
♣P☼P.##...####PP).# ,,,,,,,,*
♣.g)§#.......PP♣... ,,,,,,,,*
♣♣P.♣.....P..♣♣♣♣P♣ ,,,,,,,,***
♣.♣♣##..PP♣P♣♣♣♣♣♣ *,**,,,,,,*
♣.♣ ##P.PP♣♣PP♣.P
,,,,,,***,***###.# ##.P♣♣.PPP..
,*,,,,,,,,,,,....######..........
,,*,,***,,,,,,...##......###.....


You could see a gnoll.

Vanquished Creatures
  The ghost of demivan the Chopper, an amateur HOMo of Beogh (D:4)
  A centaur skeleton (D:3)
  An orc priest (D:3)
  2 orc wizards (D:3)
  Natasha (twice) (D:2)
  A hound skeleton (D:3)
  2 gnolls (D:4)
  6 adders
  3 river rats (Sewer)
  3 adder skeletons
  A leopard gecko (D:1)
  2 orcs (D:3)
  3 bats
  5 giant cockroaches
  6 goblins
  10 hobgoblins
  3 ball pythons (Sewer)
  7 frilled lizards
  5 kobolds
  A quokka zombie (D:3)
  13 rats
78 creatures vanquished.

Vanquished Creatures (collateral kills)
  A scorpion (D:4)
  Crazy Yiuf (D:2)
  Jessica (D:2)
  Natasha (D:2)
  A river rat (Sewer)
  An adder (D:2)
  2 worms
  A leopard gecko (D:1)
  A goblin (D:1)
  A hobgoblin (D:1)
  2 bats (D:1)
  A frilled lizard (D:1)
  A kobold (D:1)
15 creatures vanquished.

Grand Total: 93 creatures vanquished

Notes
Turn   | Place    | Note
-------+----------+-------------------------------------------
     0 | D:1      | FishyPogo the Draconian Wizard began the quest for the Orb.
     0 | D:1      | Reached XP level 1. HP: 14/14 MP: 4/4
   218 | D:1      | Reached XP level 2. HP: 20/20 MP: 3/6
   222 | D:1      | Learned a level 2 spell: Call Imp
   644 | D:1      | Reached XP level 3. HP: 19/26 MP: 0/8
   723 | D:1      | Learned a level 3 spell: Mephitic Cloud
  1064 | D:2      | Found a runed translucent door.
  1065 | D:2      | Noticed Crazy Yiuf
  1464 | D:2      | Noticed Natasha
  1479 | D:2      | Killed Natasha
  1479 | D:2      | Reached skill level 1 in Air Magic
  1479 | D:2      | Reached XP level 4. HP: 21/33 MP: 4/9
  1500 | D:2      | Noticed Natasha
  1504 | D:2      | Killed Natasha
  1504 | D:2      | Reached skill level 4 in Spellcasting
  1504 | D:2      | Reached skill level 1 in Poison Magic
  1665 | D:2      | Noticed Jessica
  1670 | D:2      | Killed Jessica
  1697 | D:2      | Noticed Natasha
  1705 | D:2      | Killed Natasha
  1705 | D:2      | Reached XP level 5. HP: 38/38 MP: 5/11
  2068 | D:2      | Killed Crazy Yiuf
  2695 | D:3      | Reached XP level 6. HP: 20/45 MP: 6/13
  3071 | D:4      | Found Oceon's Jewellery Boutique.
  3155 | D:4      | Found a runed translucent door.
  3159 | D:4      | Noticed demivan's ghost (amateur HOMo)
  3184 | D:4      | Killed demivan's ghost
  3184 | D:4      | Reached skill level 5 in Spellcasting
  3238 | D:4      | Found a glowing drain.
  3256 | Sewer    | Entered a sewer
  3916 | D:4      | Your scales start taking on a glossy black colour.
  3916 | D:4      | Reached XP level 7. HP: 50/50 MP: 4/15
  3916 | D:4      | Gained mutation: You are resistant to electric shocks.
                  | (rElec) [Black Draconian growth]
  3995 | D:4      | HP: 1/50 [cloud of flame (7)]
  3996 | D:4      | Engulfed by a cloud of flame

Levels and vault maps discovered:
D:1:      matt_arrival_spirals, layout_rooms
D:2:      layout_basic, amethyst_killhole, minmay_misc_feat_square,
          chequers_serial_rivers_micro_e, uniq_natasha, uniq_crazy_yiuf_cottage,
          uniq_jessica
D:3:      layout_loops_corners, serial_undead, serial_undead_d, serial_undead_f,
          serial_undead_e, serial_undead_c, fountainhead
D:4:      layout_rooms, cheibrodos_sewer_entry_bend, serial_shops,
          kennysheep_mini, ebering_ghost_sewer_d, serial_forest,
          infiniplex_forest_join, infiniplex_forest_end_double,
          infiniplex_forest_zigzag_1, infiniplex_forest_lined_3,
          infiniplex_forest_zigzag_1, infiniplex_forest_clump_long,
          minmay_misc_feat_roman

Skill      XL: |  1  2  3  4  5  6 |
---------------+-------------------+-----
Dodging        | 2 3 4 |  4.3
Stealth        | 2 |  2.0
Conjurations   | 2 |  2.0
Air Magic      | 1 |  1.2
Spellcasting   | 4 5 |  5.5
Poison Magic   | 1 2 |  2.0
Summonings     | |  1.0
Translocations | |  1.0

Action                   |  1- 3 |  4- 6 |  7- 9 || total
-------------------------+-------+-------+-------++-------
Melee: Club              |    50 |     1 |       ||    51
       Unarmed           |    14 |       |       ||    14
       Tailslap          |     2 |     8 |       ||    10
       Dagger            |       |   128 |     5 ||   133
 Cast: Magic Dart        |    63 |    63 |       ||   126
       Call Imp          |     7 |    24 |       ||    31
       Mephitic Cloud    |       |     2 |       ||     2
 Abil: Breathe Lightning |       |       |     1 ||     1
  Use: Potion            |     1 |       |     1 ||     2
       Scroll            |       |     1 |       ||     1
 Stab: Sleeping          |       |     6 |       ||     6
       Confused          |       |     2 |       ||     2
  Eat: Chunk             |     2 |     9 |       ||    11
Armor: Skin              |    32 |    34 |     4 ||    70
Dodge: Dodged            |    59 |    81 |     8 ||   148
